 Dungeon Crawl Stone Soup version 0.25-a0-697-g890751e744 (webtiles) character file.

Game seed: 18022050230982646363, levelgen mode: deterministic

9 Esekla the Skirmisher (level 2, -1/25 HPs)
             Began as a Formicid Abyssal Knight on Apr 1, 2020.
             Was an Initiate of Lugonu.
             Slain by a worm (4 damage)
             ... on level 2 of the Dungeon.
             The game lasted 00:02:42 (571 turns).

Esekla the Skirmisher (Formicid Abyssal Knight)      Turns: 571, Time: 00:02:43

Health: -1/25      AC:  3    Str: 16    XL:     2   Next: 20%
Magic:  3/3        EV: 11    Int: 11    God:    Lugonu [......]
Gold:   16         SH:  0    Dex: 10    Spells: 1/1 levels left

rFire    + . .     SeeInvis +   a - +1 falchion
rCold    . . .     Gourm    .   (no shield)
rNeg     . . .     Faith    .   b - +0 leather armour
rPois    .         Spirit   .   (helmet unavailable)
rElec    .         Reflect  .   (no cloak)
rCorr    .         Harm     .   (no gloves)
MR       .....                  (no boots)
Stlth    +.........             (no amulet)
HPRegen  0.08/turn              e - ring of protection from fire
MPRegen  0.08/turn              (no ring)

@: no status effects
A: permanent stasis, dig shafts and tunnels, four strong arms, antennae 3
a: Dig, Shaft Self, Renounce Religion


You were on level 2 of the Dungeon.
You worshipped Lugonu.
Lugonu was noncommittal.
You were not hungry.

You visited 1 branch of the dungeon, and saw 2 of its levels.
You visited the Abyss 1 time.

You collected 16 gold pieces.

Inventory:

Hand Weapons
 a - a +1 falchion (weapon)
Missiles
 f - 2 javelins (quivered)
Armour
 b - a +0 leather armour (worn)
Jewellery
 e - a ring of protection from fire (left hand)
Scrolls
 d - a scroll of enchant armour {unknown}
Comestibles
 c - 2 rations


   Skills:
 * Level 3.8 Fighting
 + Level 2.0 Long Blades
 + Level 2.1 Armour
 + Level 0.8 Dodging
 + Level 0.6 Stealth
 + Level 2.2 Invocations


You had one spell level left.
You didn't know any spells.
Your spell library was empty.

Dungeon Overview and Level Annotations

Branches:
Dungeon (2/15)

Altars:
Dithmenos


Innate Abilities, Weirdness & Mutations

You cannot be hasted, slowed, berserked, paralysed or teleported.
You can dig through walls and to a lower floor.
Your four strong arms can wield two-handed weapons with a shield.
You have a pair of large antennae on your head. (SInv)


Message History

The worm is lightly wounded.
The worm closely misses you.
You hit the worm.
The worm is lightly wounded.
The worm bites you!
* * * LOW HITPOINT WARNING * * *
You hit the worm.
The worm is heavily wounded.
The worm bites you.
* * * LOW HITPOINT WARNING * * *
You hit the worm but do no damage.
The worm is heavily wounded.
You hit the worm.
The worm is heavily wounded.
The worm bites you.
* * * LOW HITPOINT WARNING * * *
You hit the worm.
The worm is severely wounded.
The worm bites you.
You die...

#.#.#.#.#♣.♣###.##...#.
#.#.#.........#.#>...+.
#.#.........#.#+#.####.
#....##.##..#.....## #.
#....+ ... .#......###.
##...##.##.##..........
#.........###...).....
#.........# #...#.....
#....@....# #...#.....
#.....w...# #..<#.....
#.........# #...#.....
#.........# #...# ###
#.....[..........
#............§§..
#............§...#
######.......§...# ..
_..)#


You could see a worm.

Vanquished Creatures
  A bat (D:1)
  2 hobgoblins (D:2)
  A jackal (D:1)
  A kobold (D:2)
  A frilled lizard (D:1)
  2 rats
8 creatures vanquished.

Notes
Turn   | Place    | Note
-------+----------+-------------------------------------------
     0 | Abyss:1  | Esekla the Formicid Abyssal Knight began the quest for the
                  | Orb.
     0 | Abyss:1  | Reached XP level 1. HP: 18/18 MP: 2/2
    55 | Abyss:1  | Noticed a small abomination
    60 | Abyss:1  | Noticed a small abomination
    71 | Abyss:1  | Noticed a tormentor
    72 | D:1      | Escaped the Abyss
   426 | D:2      | Found a shadowy altar of Dithmenos,
   469 | D:1      | Reached XP level 2. HP: 24/24 MP: 3/3
   571 | D:2      | Slain by a worm

Levels and vault maps discovered:
D:1:      dpeg_arrival_tiny_k, layout_rooms
D:2:      layout_basic, grunt_dithmenos_smoke, serial_forest,
          infiniplex_forest_lined_4_way, infiniplex_forest_end_2,
          infiniplex_forest_lined_3_way, infiniplex_forest_clump_large,
          infiniplex_forest_fountain, infiniplex_forest_corner_1

Action                   || total
-------------------------++-------
Melee: Falchion          ||    30
Invok: Depart the Abyss  ||     1
Armor: Leather armour    ||     6
Dodge: Dodged            ||    10
       Rpst.: Falchion   ||     2

Table legend:
 A = Non-vault XP
 B = Vault XP
 C = Vault XP percentage of total XP
 D = Non-vault monster count
 E = Vault monster count
 F = Vault count percentage of total count
                 A         B        C        D         E       F
            +---------+---------+-------+---------+---------+-------
      Total |      13 |       0 |   0.0 |       8 |       0 |   0.0
            +---------+---------+-------+---------+---------+-------
        D:1 |       6 |       0 |   0.0 |       4 |       0 |   0.0
        D:2 |       7 |       0 |   0.0 |       4 |       0 |   0.0
            +---------+---------+-------+---------+---------+-------
